 Dungeon Crawl Stone Soup version 0.28-b1-25-g9875b3fc8c (webtiles) character file.

Game seed: 1901714866960747858

2304 crazypyro the Basher (level 9, -10/74 HPs)
             Began as a Minotaur Gladiator on Jan 31, 2022.
             Was an Initiate of Gozag.
             Mangled by a two-headed ogre (24 damage)
             ... on level 6 of the Dungeon.
             The game lasted 00:08:32 (6809 turns).

crazypyro the Basher (Minotaur Gladiator)           Turns: 6809, Time: 00:08:33

Health: -10/74     AC: 13    Str: 28    XL:     9   Next: 18%
Magic:  8/8        EV:  9    Int:  5    God:    Gozag
Gold:   566        SH:  0    Dex: 12    Spells: 8/8 levels left

rFire   . . .      SeeInvis .   D - +9 whip of World's End {venom, rPois Str+5}
rCold   . . .      Faith    .   (no shield)
rNeg    . . .      Spirit   .   m - +0 plate armour
rPois   +          Reflect  .   s - +0 hat
rElec   .          Harm     .   (no cloak)
rCorr   .          Rampage  .   (no gloves)
Will    .....                   (no boots)
Stlth   ..........              (no amulet)
HPRegen 0.22/turn               (no ring)
MPRegen 0.11/turn               (no ring)

@: lethally poisoned (-10 -> -30), gold aura
A: horns 2, retaliatory headbutt
a: Renounce Religion, Potion Petition, Call Merchant, Bribe Branch


You were on level 6 of the Dungeon.
You worshipped Gozag.
Gozag was pleased with you.
You visited 2 branches of the dungeon, and saw 8 of its levels.

You collected 642 gold pieces.
You paid 76 gold pieces to Gozag.

Inventory:

Hand Weapons
 a - a +0 flail
 p - the +8 spear of Arrival {venom, rN+ Dex+4}
   (You found it on level 2 of the Dungeon)

   It poisons the flesh of those it strikes.
   Dex:       It affects your dexterity (+4).
   rN:        It protects you from negative energy.
 A - the +6 falchion of Ytekluw {flame, Str+2}
   (You found it on level 5 of the Dungeon)

   It burns those it strikes, dealing additional fire damage.
   Big, fiery blades are also staple armaments of hydra-hunters.
   Str:       It affects your strength (+2).
 B - a +2 flail of protection
 C - a +0 morningstar
 D - the +9 whip of World's End (weapon) {venom, rPois Str+5}
   (You found it on level 5 of the Dungeon)

   It poisons the flesh of those it strikes.
   Str:       It affects your strength (+5).
   rPois:     It protects you from poison.
Missiles
 d - 3 throwing nets (quivered)
Armour
 b - a +0 leather armour
 c - a +0 hat
 e - a +0 scale mail
 m - a +0 plate armour (worn)
 s - a +0 hat (worn)
 u - a +2 robe of positive energy
Wands
 v - a wand of flame (35)
 E - a wand of digging (6)
Scrolls
 g - 2 scrolls of noise {unknown}
 i - a scroll of holy word {unknown}
 k - 2 scrolls of enchant armour {unknown}
 q - 2 scrolls of identify {unknown}
 r - a scroll of torment {unknown}
 y - a scroll of amnesia {unknown}
 z - a scroll of fog {unknown}
 F - a scroll of blinking {unknown}
Potions
 f - 2 potions of flight {unknown}
 h - a potion of invisibility {unknown}
 j - 4 potions of mutation {unknown}
 l - 2 potions of curing {unknown}
 n - a potion of lignification {unknown}
 o - 3 potions of heal wounds
 t - a potion of brilliance {unknown}
 w - a potion of magic {unknown}
 x - 3 potions of degeneration {unknown}


   Skills:
 + Level 5.5 Fighting
 + Level 10.8 Maces & Flails
 - Level 2.0 Throwing
 + Level 7.7 Armour
 + Level 5.6 Dodging


You had 8 spell levels left.
You didn't know any spells.
Your spell library contained the following spells:

 Spells                   Type           Power      Damage    Failure   Level
 Slow                     Hex            0%         N/A       99%         1
 Corpse Rot               Necr/Air       0%         N/A       100%        2
 Poisonous Vapours        Pois/Air       0%         N/A       100%        2
 Confusing Touch          Hex            0%         N/A       100%        3
 Vampiric Draining        Necr           0%         2d6       100%        3


Dungeon Overview and Level Annotations

Branches:
Dungeon (7/15)             Temple (1/1) D:4

Altars:
Ashenzari
Dithmenos
Elyvilon
Gozag
Makhleb
Nemelex Xobeh
Okawaru
Sif Muna
Trog
Vehumet
Wu Jian
Yredelemnul
Zin
The Shining One


Innate Abilities, Weirdness & Mutations

You have a pair of horns on your head.
You reflexively headbutt those who attack you in melee.


Message History

You headbutt the gnoll sergeant!
The gnoll sergeant is severely wounded.
You feel sick.
The gnoll sergeant hits you but does no damage. x2
The two-headed ogre hits you with a +0 giant spiked club!
The two-headed ogre closely misses you.
You completely miss the gnoll sergeant.
The gnoll sergeant is almost dead.
You feel sick.
The gnoll sergeant hits you with a +0 trident!
The gnoll sergeant barely misses you.
You hit the gnoll sergeant but do no damage.
The gnoll sergeant looks as sick as possible!
Your headbutt misses the gnoll sergeant.
The gnoll sergeant is almost dead.
You feel sick.
You kill the gnoll sergeant!
You feel sick.
The gnoll sergeant hits you from afar with a +1 spear of venom.
You are more poisoned.
You whack the two-headed ogre!
The two-headed ogre is poisoned.
You headbutt the two-headed ogre, but do no damage.
The two-headed ogre is moderately wounded.
You feel very sick.
The gnoll sergeant hits you but does no damage.
You are more poisoned.
You whack the two-headed ogre!
The two-headed ogre looks as sick as possible!
The two-headed ogre is moderately wounded.
You feel very sick.
You barely miss the two-headed ogre.
Your headbutt misses the two-headed ogre.
The two-headed ogre is heavily wounded.
You feel sick.
The gnoll sergeant hits you but does no damage.
The two-headed ogre hits you with a +0 giant spiked club!
* * * LOW HITPOINT WARNING * * *
The two-headed ogre hits you with a +0 giant club!!
You die...
Your body crumbles into a pile of gold.

###................###..#.......#
###...............## ##.........#
..................# #...........
..................######.#.......
...................#.....###.)...
...................#......#.))...
.#$......(.o...........##....#.##
.#.......[....gOO##..#.##..###..)
...............#@##..####### ##..
≈≈≈≈≈≈≈≈≈≈≈....#..#.### #..
≈≈≈≈≈≈≈≈≈≈≈....#......# ##.
≈≈o≈#####≈≈....##.....# ##
....#.oO#≈≈....#..##..#
#####...#≈≈....#>.#...#
#'###≈≈P...#.....## #.
.≈≈≈....##..#.# .≈≈≈....#######


You could see a two-headed ogre (extremely poisoned), an ogre, a gnoll sergeant
(fast) and an orc.

Vanquished Creatures
  A kobold demonologist (D:7)
  Sigmund (D:4)
  A water moccasin (D:5)
  An orc warrior (D:4)
  A necrophage (D:4)
  2 black bears
  2 ogres
  2 phantoms
  A wyvern zombie (D:7)
  A scorpion (D:6)
  A gnoll sergeant (D:6)
  2 howler monkeys (D:6)
  A jelly (D:5)
  A bullfrog skeleton (D:6)
  4 hounds
  A centaur skeleton (D:7)
  A gnoll shaman (D:6)
  3 iguanas
  8 orc wizards
  A hound zombie (D:5)
  10 gnolls
  6 adders
  A shadow imp (D:7)
  An ufetubus (D:5)
  An adder skeleton (D:4)
  3 worms
  A dart slug (D:4)
  29 orcs
  5 endoplasms
  3 giant cockroaches
  6 hobgoblins
  10 jackals
  2 quokkas
  7 ball pythons
  3 bats
  3 frilled lizards
  5 goblins
  11 kobolds
  6 rats
149 creatures vanquished.

Vanquished Creatures (others)
  A plant (D:6)
1 creature vanquished.

Grand Total: 150 creatures vanquished

Notes
Turn   | Place    | Note
-------+----------+-------------------------------------------
     0 | D:1      | crazypyro the Minotaur Gladiator began the quest for the
                  | Orb.
     0 | D:1      | Reached XP level 1. HP: 18/18 MP: 0/0
   470 | D:1      | Reached skill level 4 in Maces & Flails
   644 | D:1      | Reached XP level 2. HP: 25/25 MP: 1/1
  1119 | D:2      | Reached skill level 1 in Armour
  1147 | D:2      | Reached XP level 3. HP: 30/30 MP: 2/2
  1257 | D:2      | Reached skill level 5 in Maces & Flails
  1772 | D:2      | Reached XP level 4. HP: 31/37 MP: 3/3
  2081 | D:2      | Identified the +8 spear of Arrival {venom, rN+ Dex+4}
  2600 | D:3      | Reached skill level 6 in Maces & Flails
  2748 | D:2      | Reached XP level 5. HP: 22/42 MP: 4/4
  3211 | D:3      | Reached skill level 7 in Maces & Flails
  3505 | D:4      | Noticed Sigmund
  3524 | D:4      | Killed Sigmund
  3525 | D:4      | Reached XP level 6. HP: 16/50 MP: 5/5
  3827 | D:4      | Reached skill level 8 in Maces & Flails
  3829 | D:4      | Reached XP level 7. HP: 31/56 MP: 6/6
  4086 | D:4      | Found a staircase to the Ecumenical Temple.
  4095 | Temple   | Entered the Ecumenical Temple
  4129 | Temple   | Became a worshipper of Gozag Ym Sagoz the Greedy
  4247 | D:4      | Reached skill level 5 in Armour
  4397 | D:5      | Entered Level 5 of the Dungeon
  4492 | D:4      | Reached skill level 9 in Maces & Flails
  4660 | D:5      | Identified the +6 falchion of Ytekluw {flame, Str+2}
  4956 | D:5      | Reached XP level 8. HP: 50/62 MP: 7/7
  5130 | D:5      | Reached skill level 10 in Maces & Flails
  5680 | D:5      | Found a basalt altar of Yredelemnul.
  5919 | D:5      | Identified the +9 whip of World's End {venom, rPois Str+5}
  6449 | D:6      | Reached skill level 5 in Dodging
  6461 | D:6      | Noticed a kobold demonologist
  6466 | D:6      | Noticed a two-headed ogre
  6469 | D:6      | Noticed a sun demon
  6478 | D:7      | Killed a kobold demonologist
  6479 | D:7      | Reached skill level 5 in Fighting
  6479 | D:7      | Reached XP level 9. HP: 49/74 MP: 8/8
  6809 | D:6      | Mangled by a two-headed ogre

Illustrated notes

Levels and vault maps discovered:
D:1:      eino_arrival_water_star, layout_basic, minmay_pentomino_s2
D:2:      minmay_recursive_quarters, layout_basic, minmay_parallelograms,
          minmay_misc_feat_rows, st_stairs_7, supply_closet_lemuel,
          nrook_mini_backslash
D:3:      layout_basic, minmay_misc_feat_secret_circle
D:4:      layout_cave_pools, minmay_temple_entry_glass, grunt_decor_fettered,
          chequers_serial_rivers_small_b, uniq_sigmund
D:5:      layout_layer_cave, nicolae_overflow_hidden_temple
D:6:      lemuel_castle_with_subvaults [lemuel_castle_interior_original],
          layout_cave_pools, kennysheep_potato
D:7:      layout_basic, uniq_crazy_yiuf_cottage
Temple:   compressed_dpeg_circular_temple

Skill      XL: |  1  2  3  4  5  6  7  8 |
---------------+-------------------------+-----
Maces & Flails | 4 5 6 7 8 9 10 | 10.8
Armour         | 1 2 4 6 7 |  7.7
Fighting       | 5 |  5.5
Dodging        | 5 |  5.6
Throwing       | |  2.0

Action                   |  1- 3 |  4- 6 |  7- 9 || total
-------------------------+-------+-------+-------++-------
Melee: Flail             |    96 |     4 |       ||   100
       Headbutt          |     9 |     9 |    30 ||    48
       Punch             |     1 |       |     3 ||     4
       Spear             |       |    79 |    30 ||   109
       Falchion          |       |       |    60 ||    60
       Whip              |       |       |    81 ||    81
       Morningstar       |       |       |     5 ||     5
  Use: Potion            |       |       |     1 ||     1
Armor: Scale mail        |    25 |       |       ||    25
       Leather armour    |     1 |       |       ||     1
       Plate armour      |     4 |    46 |   103 ||   153
Dodge: Dodged            |    57 |    22 |    64 ||   143
